 Dungeon Sprint DCSS version 0.26-a0-667-g92642533e4 (webtiles) character file.

Game seed: 17576911133217718993

1827 mhtbhm the Blocker (level 8, -2/82 HPs)
             Began as a Minotaur Fighter on Oct 17, 2020.
             Was an Elder of Okawaru.
             Slain by a 14-headed hydra (4 damage)
             ... in the Dungeon (Sprint IX: "|||||||||||||||||||||||||||||").
             The game lasted 00:02:33 (1128 turns).

mhtbhm the Blocker (Minotaur Fighter)               Turns: 1128, Time: 00:02:34

Health: -2/82      AC: 15    Str: 23    XL:     8   Next: 86%
Magic:  5/7        EV: 16    Int:  5    God:    Okawaru [****..]
Gold:   10         SH: 15    Dex: 11    Spells: 7/7 levels left

rFire    . . .     SeeInvis .   a - +2 scimitar (holy)
rCold    . . .     Faith    .   c - +0 kite shield
rNeg     . . .     Spirit   .   b - +1 scale mail
rPois    .         Reflect  .   (helmet restricted)
rElec    .         Harm     .   o - +0 cloak
rCorr    .         Rampage  .   (no gloves)
MR       .....     NoTele   +   (no boots)
Stlth    +.........             (no amulet)
HPRegen  0.23/turn              p - +3 ring of dexterity
MPRegen  0.10/turn              q - +2 ring of protection

@: heroism
A: retaliatory headbutt, horns 2, repulsion field 1, clumsy 1, evolution 1
a: Heroism, Renounce Religion


You were in the Dungeon.
You worshipped Okawaru.
Okawaru was greatly pleased with you.
You visited 1 branch You collected 10 gold pieces.

Inventory:

Hand Weapons
 a - a +2 scimitar of holy wrath (weapon)
Armour
 b - a +1 scale mail (worn)
 c - a +0 kite shield (worn)
 o - a +0 cloak (worn)
Jewellery
 p - a +3 ring of dexterity (left hand)
 q - a +2 ring of protection (right hand)
Wands
 n - a wand of iceblast (10)
Scrolls
 j - 2 scrolls of blinking
 l - 3 scrolls of remove curse
 m - 2 scrolls of amnesia
 r - 2 scrolls of fog
 s - 4 scrolls of enchant weapon
 t - 2 scrolls of enchant armour
Potions
 d - a potion of might
 e - 4 potions of curing
 f - 7 potions of heal wounds
 g - 2 potions of haste
 h - 4 potions of magic


   Skills:
 + Level 11.2(16.2) Fighting
 + Level 12.1(17.1) Long Blades
 + Level 11.6(16.6) Armour
 + Level 4.0(9.0) Dodging
 + Level 0.1(5.1) Stealth
 + Level 12.8(17.8) Shields


You had 7 spell levels left.
You didn't know any spells.
Your spell library was empty.

Dungeon Overview and Level Annotations

Branches:
Dungeon (1/1)

Altars:
Cheibriados
Dithmenos
Elyvilon
Fedhas
Gozag
Hepliaklqana
Kikubaaqudgha
Makhleb
Nemelex Xobeh
Okawaru
Qazlal
Ru
Sif Muna
Trog
Uskayaw
Vehumet
Wu Jian
Xom
Yredelemnul
Zin
The Shining One
Beogh
Jiyva
Lugonu


Innate Abilities, Weirdness & Mutations

You reflexively headbutt those who attack you in melee.
You have a pair of horns on your head.
You are surrounded by a mild repulsion field. (EV +2)
You are clumsy. (Dex -2)
You evolve.


Message History

The 14-headed hydra misses you.
The 14-headed hydra bites you but does no damage. x2
The 14-headed hydra closely misses you.
The 14-headed hydra bites you but does no damage.
You block the 14-headed hydra's attack. x4
You barely miss the 14-headed hydra. You headbutt the 14-headed hydra!
The 14-headed hydra is severely wounded.
You block the 14-headed hydra's attack.
The 14-headed hydra bites you but does no damage.
The 14-headed hydra barely misses you. The 14-headed hydra misses you.
The 14-headed hydra bites you but does no damage. x2
The 14-headed hydra closely misses you.
The 14-headed hydra bites you but does no damage.
The 14-headed hydra bites you!
* * * LOW HITPOINT WARNING * * *
The 14-headed hydra bites you but does no damage.
You block the 14-headed hydra's attack.
The 14-headed hydra bites you but does no damage.
The 14-headed hydra bites you.
You die...

▓.▓.▓.▓
▓.▓.▓)▓
▓.▓.▓)▓
▓.▓.▓.▓
▓'▓.▓.▓
▓.▓.▓.▓
▓.▓.▓.▓
▓.▓.▓'▓
▓@▓.▓)▓
▓D▓.▓†▓
▓.▓.▓.▓
▓|▓.▓.▓
▓.▓.▓.▓
▓.▓.▓'▓
▓.▓.▓_▓
▓.▓.▓_▓
▓.▓.▓_▓


You could see a 14-headed hydra.

Vanquished Creatures
  A cyclops (D)
  A cane toad (D)
  A troll (D)
  A wyvern (D)
  3 water moccasins (D)
  An orc warrior (D)
  A centaur (D)
  A bullfrog (D)
  2 scorpions (D)
  A killer bee (D)
  An orc wizard (D)
  An iguana (D)
  A worker ant (D)
  An adder (D)
  An adder zombie (D)
  2 orcs (D)
  A jackal (D)
  A quokka (D)
  A ball python zombie (D)
  A bat (D)
  3 goblins (D)
  A rat (D)
28 creatures vanquished.

Notes
Turn   | Place    | Note
-------+----------+-------------------------------------------
     0 | D        | mhtbhm the Minotaur Fighter began the quest for the Orb.
     0 | D        | Reached XP level 1. HP: 19/19 MP: 0/0
    32 | D        | Noticed an orc wizard
    32 | D        | Noticed a scorpion
    32 | D        | Noticed an iguana
    39 | D        | Killed an orc wizard
    39 | D        | Reached skill level 5 in Fighting
    39 | D        | Reached skill level 5 in Armour
    39 | D        | Reached skill level 5 in Shields
    39 | D        | Reached XP level 2. HP: 29/29 MP: 1/1
    39 | D        | Reached XP level 3. HP: 36/36 MP: 2/2
    47 | D        | Killed a scorpion
    47 | D        | Reached XP level 4. HP: 42/45 MP: 3/3
   135 | D        | Found a roughly hewn altar of Beogh.
   135 | D        | Found a snail-covered altar of Cheibriados.
   135 | D        | Found a shadowy altar of Dithmenos.
   135 | D        | Found a white marble altar of Elyvilon.
   135 | D        | Found a blossoming altar of Fedhas.
   135 | D        | Found an opulent altar of Gozag.
   136 | D        | Found a hazy altar of Hepliaklqana.
   137 | D        | Found a viscous altar of Jiyva.
   138 | D        | Found an ancient bone altar of Kikubaaqudgha.
   139 | D        | Found a corrupted altar of Lugonu.
   140 | D        | Found a burning altar of Makhleb.
   141 | D        | Found a sparkling altar of Nemelex Xobeh.
   142 | D        | Found an iron altar of Okawaru.
   143 | D        | Found a stormy altar of Qazlal.
   144 | D        | Found a sacrificial altar of Ru.
   145 | D        | Found a shimmering blue altar of Sif Muna.
   146 | D        | Found a bloodstained altar of Trog.
   147 | D        | Found a hide-covered altar of Uskayaw.
   148 | D        | Found a radiant altar of Vehumet.
   149 | D        | Found an ornate altar of the Wu Jian Council.
   150 | D        | Became a worshipper of Warmaster Okawaru
   151 | D        | Found a shimmering altar of Xom.
   152 | D        | Found a basalt altar of Yredelemnul.
   153 | D        | Found a glowing silver altar of Zin.
   154 | D        | Found a glowing golden altar of the Shining One.
   208 | D        | Noticed a centaur
   217 | D        | Killed a centaur
   217 | D        | Reached skill level 5 in Long Blades
   217 | D        | Reached skill level 1 in Dodging
   217 | D        | Reached XP level 5. HP: 50/53 MP: 4/4
   221 | D        | Reached * piety under Okawaru
   221 | D        | Reached XP level 6. HP: 49/62 MP: 5/5
   423 | D        | Noticed an orc warrior
   423 | D        | Noticed a troll
   423 | D        | Noticed a cyclops
   428 | D        | Killed an orc warrior
   428 | D        | Reached skill level 10 in Shields
   434 | D        | Killed a troll
   434 | D        | Reached ** piety under Okawaru
   434 | D        | Reached skill level 10 in Armour
   434 | D        | Reached XP level 7. HP: 51/71 MP: 6/6
   439 | D        | Killed a cyclops
   439 | D        | Reached *** piety under Okawaru
   439 | D        | Reached skill level 10 in Fighting
   439 | D        | Reached skill level 10 in Long Blades
   439 | D        | Reached XP level 8. HP: 58/80 MP: 7/7
   732 | D        | Gained mutation: You evolve. [potion of mutation]
   732 | D        | Gained mutation: You are clumsy. (Dex -2) [potion of
                  | mutation]
   732 | D        | Gained mutation: You are surrounded by a mild repulsion
                  | field. (EV +2) [potion of mutation]
   733 | D        | Noticed a cane toad
   734 | D        | Noticed a seven-headed hydra
   736 | D        | Killed a cane toad
   738 | D        | Noticed a komodo dragon
   747 | D        | HP: 1/82 [nine-headed hydra (7)]
  1118 | D        | Reached **** piety under Okawaru
  1128 | D        | HP: 2/82 [14-headed hydra (8)]
  1128 | D        | Slain by a 14-headed hydra

Illustrated notes

Levels and vault maps discovered:
D:        linesprint [early_d, line_temple, items_1, d_10, items_2, lair_1,
          lair_end, items_3, orc_1, orc_end, items_4, d_15, swamp_1, shoals_1,
          snake_1, spider_1, d_20, vaults_1, items_5, swamp_end, shoals_end,
          snake_end, spider_end, vaults_end, d_27, items_6, zot_1, zot_end,
          crypt_end, forest_end, elf_end, slime_end, tomb_end, abyss_end,
          pan_hell_end]

Skill      XL: |  1  2  3  4  5  6  7  8 |
---------------+-------------------------+-----
Fighting       | 5 6 8 9 10 11 | 11.2
Armour         | 5 6 8 10 11 | 11.6
Shields        | 5 6 8 9 10 11 12 | 12.8
Long Blades    | 3 5 6 8 10 12 | 12.1
Dodging        | 1 2 3 4 |  4.0
Stealth        | |  0.1

Action                   |  1- 3 |  4- 6 |  7- 9 || total
-------------------------+-------+-------+-------++-------
Melee: Long sword        |    19 |     5 |       ||    24
       Headbutt          |     5 |     7 |    14 ||    26
       Scimitar          |       |    26 |    42 ||    68
Invok: Heroism           |       |       |     1 ||     1
  Use: Potion            |       |     2 |     3 ||     5
       Scroll            |       |       |     1 ||     1
Armor: Scale mail        |     4 |    11 |    30 ||    45
Dodge: Dodged            |     7 |     1 |    46 ||    54
Block: Kite shield       |    11 |    21 |    43 ||    75
       Rpst.: Long sword |     1 |       |       ||     1
       Scimitar          |       |       |     4 ||     4

Table legend: (Time is in decaauts)
 A = Elapsed time spent in this place.
 B = Non-inter-level travel time spent in this place.
 C = Inter-level travel time spent in this place.
 D = Time resting spent in this place.
 E = Time spent auto-exploring this place.
 F = Levels seen in this place.
 G = Mean time per level.
                   A        B        C        D        E       F      G
               +--------+--------+--------+--------+--------+-----+--------+
         Total |   1142 |   1142 |      0 |    616 |    265 |   1 | 1142.0 |
       Dungeon |   1142 |   1142 |      0 |    616 |    265 |   1 | 1142.0 |
               +--------+--------+--------+--------+--------+-----+--------+

Top non-repeatable levels by time:
       D: 1142 daAuts
